 Dungeon Crawl Stone Soup version 0.31-a0-246-g8cbcc1cb85 (webtiles) character file.

Game seed: 7202613145405244922

51 qw the Shooter (level 3, -2/29 HPs)
             Began as a Minotaur Hexslinger on July 12, 2023.
             Slain by an adder (3 damage)
             ... on level 2 of the Dungeon.
             The game lasted 00:00:22 (1129 turns).

qw the Shooter (Minotaur Hexslinger)                Turns: 1129, Time: 00:00:22

Health: -2/29      AC:  6    Str: 12    XL:     3   Next: 58%
Magic:  3/3        EV: 11    Int: 10    God:
Gold:   44         SH:  0    Dex: 14    Spells: 3/4 levels left

rFire   . . .        Y - +1 sling
rCold   + . .        (no shield)
rNeg    . . .        d - +1 ring mail {rC+}
rPois   .            (helmet restricted)
rElec   .            (no cloak)
rCorr   .            (no gloves)
SInv    .            (no boots)
Will    .....        (no amulet)
Stlth   +            (no ring)
HPRegen 0.24/turn    (no ring)
MPRegen 0.08/turn

%: no passive effects
@: no status effects
A: horns 2, retaliatory headbutt
a: no special abilities


You were on level 2 of the Dungeon.
You visited 1 branch of the dungeon, and saw 2 of its levels.

You collected 44 gold pieces.


Innate Abilities, Weirdness & Mutations

You have a pair of horns on your head.
You reflexively headbutt those who attack you in melee.


   Skills:
 - Level 2.0 Fighting
 - Level 4.1 Ranged Weapons
 + Level 0.0 Armour
 - Level 2.1 Dodging
 - Level 1.0 Spellcasting
 - Level 2.0 Hexes


You had 3 spell levels left.
You knew the following spells:

 Your Spells              Type           Power      Damage    Failure   Level
a - Slow                  Hex            16%        N/A       34%         1

Your spell library contained the following spells:

 Spells                   Type           Power      Damage    Failure   Level
 Inner Flame              Hex/Fire       2%         N/A       83%         3
 Portal Projectile        Hex/Tloc       4%         N/A       83%         3
 Cause Fear               Hex            2%         N/A       98%         4

Inventory:

Hand Weapons
 Y - a +1 sling (weapon)
Armour
 d - a +1 ring mail of cold resistance (worn)
Jewellery
 b - an amulet of magic regeneration
Scrolls
 a - a scroll of blinking {unknown}
Potions
 j - a potion of enlightenment {unknown}

Dungeon Overview and Level Annotations

Branches:
Dungeon (2/15)

Altars:


Message History

You are more poisoned.
The adder poisons you!
The adder bites you but does no damage. x2
You shoot a sling bullet. The sling bullet misses the adder.
You feel sick. The adder bites you.
You are more poisoned.
The adder poisons you! The adder completely misses you. The adder bites you.
The adder barely misses you.
You shoot a sling bullet.
The sling bullet closely misses the adder.
You feel very sick. The adder bites you but does no damage.
The adder closely misses you. The adder bites you but does no damage.
The adder closely misses you.
You shoot a sling bullet.
The sling bullet barely misses the adder.
You feel very sick. The adder closely misses you. You furiously retaliate!
You headbutt the adder. The adder bites you but does no damage.
The adder closely misses you.
You shoot a sling bullet. The sling bullet hits the adder.
You kill the adder!
You feel sick. The adder barely misses you.
A quokka comes into view.
The adder bites you but does no damage.
Your Ranged Weapons skill increases to level 4!
You shoot a sling bullet. The sling bullet misses the adder.
You feel sick. The adder misses you. You furiously retaliate!
You headbutt the adder, but do no damage.
The adder barely misses you.
You shoot a sling bullet. The sling bullet misses the adder.
You feel sick. The adder closely misses you.
You shoot a sling bullet. The sling bullet misses the adder.
You feel sick. The adder barely misses you. The adder completely misses you.
You shoot a sling bullet. The sling bullet misses the adder.
You feel sick.
You are no longer poisoned.
The adder bites you but does no damage. The adder misses you.
You shoot a sling bullet.
The sling bullet hits the adder but does no damage.
The adder is moderately wounded.
The adder misses you. The adder bites you.
You die...

...~~~~
#~~~~~777~~~..
#~.~~~._7~~~.~
#.~~~~~.~~~~..#
#.~~~~~~~~~~~.#
#~~~~~~~~~~~~.#
#S~~~~~~~~~~..#
#@r.~..~...~~~
#...~....%.~.~
#.####.#.###..
#.# #<..###.#
#.# #.#.....#
#.# #.#.#####
#.# #....#####
#.# #........#
.. #.#
#....#.#.##..


You could see an adder and a quokka.

Vanquished Creatures
  3 adders (D:2)
  3 endoplasms
  A giant cockroach (D:1)
  3 goblins
  2 hobgoblins (D:1)
  2 jackals (D:1)
  2 quokkas (D:1)
  A ball python (D:2)
  4 bats
  2 frilled lizards (D:1)
  A rat (D:2)
24 creatures vanquished.

Notes
Turn   | Place    | Note
-------+----------+-------------------------------------------
     0 | D:1      | qw the Minotaur Hexslinger began the quest for the Orb.
     0 | D:1      | Reached XP level 1. HP: 16/16 MP: 1/1
     0 | D:1      | 0 ||| qw: Version: 0.3-a-52-g30416fa
     0 | D:1      | 0 ||| qw: Game counter: 6521
     0 | D:1      | 0 ||| qw: Melee chars always use a shield: true
     0 | D:1      | 0 ||| qw: God list: Okawaru
     0 | D:1      | 0 ||| qw: Allow faded altars: false
     0 | D:1      | 0 ||| qw: Do Orc after clearing Dungeon:15 true
     0 | D:1      | 0 ||| qw: Do second Lair branch before Depths: true
     0 | D:1      | 0 ||| qw: Lair rune preference: random
     0 | D:1      | 0 ||| qw: Goals: Normal
     0 | D:1      | 0 ||| PLANNING D:1-11
   317 | D:1      | Reached skill level 3 in Ranged Weapons
   348 | D:1      | Reached XP level 2. HP: 23/23 MP: 2/2
   837 | D:1      | 837 ||| UPGRADING to +1 ring mail of cold resistance.
   847 | D:1      | 847 ||| DROPPING +0 robe.
   848 | D:1      | 848 ||| DROPPING ring of magical power.
   849 | D:1      | 849 ||| READING scroll labelled GEASHO SASUPNAIRCHI.
   852 | D:1      | 852 ||| READING 2 scrolls labelled VAPNER OPLEMO.
   853 | D:1      | 853 ||| READING scroll labelled BOT FAMMOI.
   854 | D:1      | 854 ||| DRINKING 2 fuming blue potions.
   855 | D:1      | 855 ||| DROPPING scroll of poison.
   856 | D:1      | 856 ||| DROPPING scroll of fear.
   857 | D:1      | 857 ||| DROPPING potion of brilliance.
   904 | D:2      | Found a faded altar of an unknown god.
   976 | D:2      | Reached XP level 3. HP: 29/29 MP: 3/3
  1124 | D:2      | HP: 6/29 [poisoned by an adder]
  1125 | D:2      | Reached skill level 4 in Ranged Weapons
  1128 | D:2      | HP: 1/29 [poisoned by an adder]
  1129 | D:2      | Slain by an adder

Levels and vault maps discovered:
D:1:      arrival_zaba_pyramid, layout_basic, serial_bayou_pond_e
D:2:      layout_loops_ring, serial_shops, nicolae_lakefront_shop,
          chequers_ecumenical_altar_island, minmay_box_of_dots

Skill      XL: |  1  2  3 |
---------------+----------+-----
Ranged Weapons | 3 4 |  4.1
Fighting       | 2 |  2.0
Dodging        | |  2.1
Spellcasting   | |  1.0
Hexes          | |  2.0

Action                     || total
---------------------------++-------
   Fire: Sling             ||    78
    Use: Scroll            ||     3
         Potion            ||     1
 Armour: Robe              ||     2
         Ring mail         ||    17
  Dodge: Dodged            ||    34

Table legend:
 A = Non-vault XP
 B = Vault XP
 C = Vault XP percentage of total XP
 D = Non-vault monster count
 E = Vault monster count
 F = Vault count percentage of total count
                 A         B        C        D         E       F
            +---------+---------+-------+---------+---------+-------
      Total |      74 |       0 |   0.0 |      24 |       0 |   0.0
            +---------+---------+-------+---------+---------+-------
        D:1 |      25 |       0 |   0.0 |      15 |       0 |   0.0
        D:2 |      49 |       0 |   0.0 |       9 |       0 |   0.0
            +---------+---------+-------+---------+---------+-------
